 Dungeon Crawl Stone Soup version 0.30.1-9-gdf580d7c3d (webtiles) character file.

Game seed: 17449211082293147219

195 NullDivider the Stinger (level 5, -6/31 HPs)
             Began as an Octopode Venom Mage on Sept 24, 2023.
             Mangled by a black bear (8 damage)
             ... on level 4 of the Dungeon.
             The game lasted 00:15:02 (4243 turns).

NullDivider the Stinger (Octopode Venom Mage)       Turns: 4243, Time: 00:15:04

Health: -6/31      AC:  1    Str:  7    XL:     5   Next: 74%
Magic:  5/9        EV: 14    Int: 18    God:
Gold:   254        SH:  0    Dex: 14    Spells: 3/9 levels left

rFire   . . .        j - staff of conjuration
rCold   . . .        (no shield)
rNeg    . . .        (helmet restricted)
rPois   .            (no amulet)
rElec   .            h - ring of resist corrosion
rCorr   +            (no ring)
SInv    .            (no ring)
Will    .....        (no ring)
Stlth   ++++         (no ring)
HPRegen 0.25/turn    (no ring)
MPRegen 0.11/turn    (no ring)
                     (no ring)

%: no passive effects
@: no status effects
A: almost no armour, amphibious, 8 rings, camouflage 1, gelatinous body 1,
(nimble swimmer 1), tentacles
a: no special abilities


You were on level 4 of the Dungeon.
You visited 1 branch of the dungeon, and saw 4 of its levels.

You collected 254 gold pieces.

Inventory:

Hand Weapons
 p - a +3 dagger
Magical Staves
 j - a staff of conjuration (weapon)
Jewellery
 h - a ring of resist corrosion (left tentacle)
Wands
 n - a wand of roots (10)
 r - a wand of light (4)
Scrolls
 c - 2 scrolls of amnesia {unknown}
 d - 2 scrolls of identify {unknown}
 m - 2 scrolls of magic mapping {unknown}
 q - a scroll of immolation {unknown}
 s - a scroll of silence {unknown}
 t - a scroll of blinking {unknown}
Potions
 a - a potion of magic
 b - a potion of heal wounds {unknown}
 e - a potion of berserk rage {unknown}
 f - a potion of haste {unknown}
 g - a potion of ambrosia {unknown}
 i - a potion of attraction {unknown}
 k - a potion of flight {unknown}
 l - a potion of resistance {unknown}
 o - a potion of lignification {unknown}


   Skills:
 + Level 3.1 Dodging
 + Level 4.4 Stealth
 + Level 2.9 Spellcasting
 - Level 1.0 Transmutations
 + Level 2.0 Air Magic
 + Level 4.6 Poison Magic


You had 3 spell levels left.
You knew the following spells:

 Your Spells              Type           Power      Damage    Failure   Level
a - Sting                 Tmut/Pois      48%        1d5       5%          1
b - Poisonous Vapours     Pois/Air       28%        N/A       6%          2
c - Mephitic Cloud        Conj/Pois/Air  15%        N/A       21%         3

Your spell library contained the following spells:

 Spells                   Type           Power      Damage    Failure   Level
 Cigotuvi's Dreadful Rot  Necr/Pois/Air  20%        N/A       10%         2
 Slow                     Hex            8%         N/A       17%         1
 Static Discharge         Conj/Air       18%        2-3/arc   17%         2
 Ignite Poison            Fire/Tmut/Pois 9%         N/A       22%         3
 Confusing Touch          Hex            2%         N/A       45%         3
 Vampiric Draining        Necr           2%         2d6       45%         3
 Olgreb's Toxic Radiance  Pois           19%        N/A       24%         4
 Airstrike                Air            4%         2d(1-17)  56%         4
 Summon Lightning Spire   Summ/Air       6%         N/A       73%         4
 Freezing Cloud           Conj/Ice/Air   3%         6-21      98%         5


Dungeon Overview and Level Annotations

Branches:
Dungeon (4/15)
 Temple: D:4-7

Altars:
Dithmenos


Innate Abilities, Weirdness & Mutations

You cannot wear most types of armour.
You are amphibious.
You can wear up to eight rings at the same time.
Your skin changes colour to match your surroundings (Stealth+).
Your rubbery body absorbs attacks. (AC +1, EV +1)
((You are camouflaged when in or above water. (Stealth+)))
You have tentacles for arms and can constrict up to eight enemies at once.


Message History

Magic restored.
You open the door.
Okay, then.
Found a scroll labelled XUTIHAY ONWERE.
Casting: Poisonous Vapours (safe; 6% risk of failure)
Confirm with . or Enter, or press ? or * to list all spells.
Aiming: Poisonous Vapours (safe; 6% risk of failure)
Press: ? - help, Dir - move target, f/p - black bear
Aim: a black bear (severely wounded, wandering, hasn't noticed you) Poisonous vapours surround the black bear!
The black bear is poisoned.
The black bear growls angrily.
Casting: Poisonous Vapours (safe; 6% risk of failure)
Confirm with . or Enter, or press ? or * to list all spells.
Aiming: Poisonous Vapours (safe; 6% risk of failure)
Press: ? - help, Dir - move target, f/p - black bear
Aim: a black bear (severely wounded, poisoned) Poisonous vapours surround the black bear!
The black bear looks even sicker.
The black bear goes berserk!
The black bear barely misses you.
The black bear claws you but does no damage.
The black bear misses you.
The black bear rages.
The black bear bites you! The black bear barely misses you. x2
You see here a scroll labelled XUTIHAY ONWERE.
The black bear bites you!
* * * LOW HITPOINT WARNING * * *
The black bear claws you.
* * * LOW HITPOINT WARNING * * *
The black bear claws you.
* * * LOW HITPOINT WARNING * * *
Casting: Poisonous Vapours (safe; 6% risk of failure)
Confirm with . or Enter, or press ? or * to list all spells.
Aiming: Sting (safe; 5% risk of failure)
Press: ? - help, Shift-Dir - straight line, f/p - black bear
Aim: a black bear (almost dead, berserk, poisoned, 79% to hit)
The sting hits the black bear.
The black bear looks even sicker.
The black bear is almost dead.
The black bear bites you!
You die...

##########
#######
#........#
.......
#........#
.......
+........#
.......
#........#
.......
#....@...#
.......
#....h...#
.......
#........+
.......
#........#
...##+#
#........#
##+#
###......#
#......+
#......# #####
#......#.....#


You could see a black bear (berserk, very poisoned).

Vanquished Creatures
  An iguana (D:4)
  An orc wizard (D:3)
  5 adders
  11 dart slugs
  5 orcs (D:3)
  4 ball pythons (D:1)
  3 endoplasms
  5 giant cockroaches
  8 goblins
  14 hobgoblins
  6 bats
  2 frilled lizards (D:2)
  2 kobolds
  7 rats
74 creatures vanquished.

Notes
Turn   | Place    | Note
-------+----------+-------------------------------------------
     0 | D:1      | NullDivider the Octopode Venom Mage began the quest for the
                  | Orb.
     0 | D:1      | Reached XP level 1. HP: 11/11 MP: 3/3
    55 | D:1      | Reached XP level 2. HP: 7/17 MP: 0/5
   110 | D:1      | Learned a level 2 spell: Poisonous Vapours
   494 | D:1      | Reached XP level 3. HP: 21/21 MP: 6/6
  1171 | D:1      | Learned a level 3 spell: Mephitic Cloud
  1304 | D:2      | Found a faded altar of an unknown god.
  1471 | D:2      | Reached skill level 1 in Air Magic
  1527 | D:2      | Reached XP level 4. HP: 27/27 MP: 1/7
  2149 | D:2      | Found a shadowy altar of Dithmenos.
  2800 | D:3      | Reached XP level 5. HP: 31/31 MP: 1/9
  4100 | D:4      | Noticed a black bear
  4243 | D:4      | Mangled by a black bear

Illustrated notes

Levels and vault maps discovered:
D:1:      saegor_arrival_miasma, layout_basic
D:2:      layout_basic, hellmonk_ecumenical_altar_run_dry, basic_altar,
          minmay_misc_feat_nine_boxes, minmay_increasing_density
D:3:      minmay_inner_zag, layout_basic, serial_rivers,
          chequers_serial_rivers_small_3, chequers_serial_rivers_small_a,
          chequers_serial_rivers_micro_c, chequers_serial_rivers_large_b,
          hex_intersection, kennysheep_path_1
D:4:      layout_gridville, fedhas_ov_isle_minmay, nicolae_shop_self_help

Skill      XL: |  1  2  3  4  5 |
---------------+----------------+-----
Stealth        | 3 4 |  4.4
Poison Magic   | 4 |  4.6
Air Magic      | 1 2 |  2.0
Dodging        | 3 |  3.1
Spellcasting   | |  2.9
Transmutations | |  1.0

Action                     |  1- 3 |  4- 6 || total
---------------------------+-------+-------++-------
  Melee: Unarmed           |    48 |       ||    48
         Tentacles         |    19 |    19 ||    38
         Constrict         |    22 |    23 ||    45
         Staff             |    14 |    69 ||    83
   Cast: Sting             |    20 |    25 ||    45
         Poisonous Vapours |     6 |    27 ||    33
   Stab: Sleeping          |     6 |    11 ||    17
 Armour: Skin              |     1 |     5 ||     6
  Dodge: Dodged            |    40 |    49 ||    89
